 Dungeon Crawl Stone Soup version 0.29.1-1-gd02db6906a (webtiles) character file.

Game seed: 4651564028334529233

201 raistware the Conjurer (level 5, -5/31 HPs)
             Began as an Octopode Conjurer on Sept 27, 2022.
             Killed by divine providence
             ... invoked by an orc priest
              (10 damage)
             ... on level 4 of the Dungeon.
             The game lasted 00:07:14 (3772 turns).

raistware the Conjurer (Octopode Conjurer)          Turns: 3772, Time: 00:07:14

Health: -5/31      AC:  1    Str:  6    XL:     5   Next: 79%
Magic:  7/11       EV: 13    Int: 23    God:
Gold:   170        SH:  0    Dex: 16    Spells: 7/12 levels left

rFire   + . .      SeeInvis .   j - +0 hand axe
rCold   . . .      Faith    .   (no shield)
rNeg    . . .      Spirit   .   (helmet restricted)
rPois   .          Reflect  .   (no amulet)
rElec   .          Harm     .   s - +6 ring of dexterity
rCorr   .          Rampage  .   t - ring of protection from fire
Will    .....                   (no ring)
Stlth   +++.......              (no ring)
HPRegen 0.10/turn               (no ring)
MPRegen 0.12/turn               (no ring)
                                (no ring)
                                (no ring)

@: very slightly contaminated
A: almost no armour, amphibious, 8 rings, camouflage 1, gelatinous body 1,
(nimble swimmer 1), tentacles
a: no special abilities


You were on level 4 of the Dungeon.
You visited 1 branch of the dungeon, and saw 4 of its levels.

You collected 170 gold pieces.

Inventory:

Hand Weapons
 j - a +0 hand axe (weapon)
 p - a +2 dagger of protection
Missiles
 h - 2 poisoned darts
Jewellery
 r - a ring of fire
 s - a +6 ring of dexterity (left tentacle)
 t - a ring of protection from fire (right tentacle)
Scrolls
 b - a scroll of magic mapping
 c - 2 scrolls of poison {unknown}
 d - 2 scrolls of immolation {unknown}
 f - a scroll of acquirement {unknown}
 g - 2 scrolls of teleportation {unknown}
 i - 2 scrolls of identify {unknown}
 l - 5 scrolls of amnesia {unknown}
 u - a scroll of enchant weapon {unknown}
 w - a scroll of noise {unknown}
Potions
 e - a potion of heal wounds {unknown}
 k - a potion of attraction
 m - a potion of ambrosia {unknown}
 n - a potion of mutation {unknown}
 o - a potion of degeneration {unknown}
 q - 2 potions of cancellation {unknown}
 v - a potion of brilliance {unknown}


   Skills:
 - Level 2.0 Dodging
 - Level 2.6 Stealth
 - Level 4.0 Spellcasting
 - Level 4.0 Conjurations
 + Level 3.7 Translocations


You had 7 spell levels left.
You knew the following spells:

 Your Spells              Type           Power      Damage    Failure   Level
a - Magic Dart            Conj           92%        1d7       1%          1
b - Iskenderun's Mystic   Conj/Tloc      22%        2d6       22%         4

Your spell library contained the following spells:

 Spells                   Type           Power      Damage    Failure   Level
 Searing Ray              Conj           46%        2d6       3%          2
 Gell's Gravitas          Tloc           21%        N/A       7%          3
 Teleport Other           Tloc           21%        N/A       7%          3
 Dazzling Flash           Conj/Hex       26%        N/A       14%         3
 Sublimation of Blood     Necr           4%         N/A       16%         2
 Wereblood                Tmut           4%         N/A       16%         2
 Confusing Touch          Hex            4%         N/A       30%         3
 Fulminant Prism          Conj/Hex       6%         3d7       41%         4
 Yara's Violent Unravell  Hex/Tmut       2%         3d3       96%         5
 Dispersal                Tloc           10%        N/A       98%         6
 Enfeeble                 Hex            2%         N/A       100%        7
 Summon Hydra             Summ           2%         N/A       100%        7


Dungeon Overview and Level Annotations

Branches:
Dungeon (4/15)
 Temple: D:4-7

Altars:
Hepliaklqana
Sif Muna

Shops:
D:2 (

Annotations:
D:2 1 runed translucent door, Crazy Yiuf


Innate Abilities, Weirdness & Mutations

You cannot wear most types of armour.
You are amphibious.
You can wear up to eight rings at the same time.
Your skin changes colour to match your surroundings (Stealth+).
Your rubbery body absorbs attacks. (AC +1, EV +1)
((You are camouflaged when in or above water. (Stealth+)))
You have tentacles for arms and can constrict up to eight enemies at once.


Message History

The orc priest hits you with a +0 dagger.
The orc hits you with a +0 whip.
You closely miss the orc. You grab the orc.
The orc is moderately wounded.
You closely miss the orc priest. You constrict the orc.
The orc priest calls down the wrath of Beogh upon you.
Beogh smites you!
* * * LOW HITPOINT WARNING * * *
The orc closely misses you.
Casting: Magic Dart (safe; 1% risk of failure)
Confirm with . or Enter, or press ? or * to list all spells.
The spell is extremely dangerous to miscast (22% risk of failure)!
Continue anyway?
You miscast Iskenderun's Mystic Blast.
You are very lightly contaminated with residual magic.
The air around you crackles with energy.
You are magically locked in place.
You constrict the orc. The orc priest barely misses you.
The orc hits you with a +0 club.
* * * LOW HITPOINT WARNING * * *
The orc misses you. Magic courses through your body.
You constrict the orc. The orc priest closely misses you.
The orc barely misses you. The orc completely misses you.
Casting: Iskenderun's Mystic Blast (extremely dangerous; 22% risk of failure)
Confirm with . or Enter, or press ? or * to list all spells.
The spell is extremely dangerous to miscast (22% risk of failure)!
Continue anyway?
You erupt in a blast of force!
The mystic blast hits the orc!
You kill the orc!
The mystic blast hits the orc.
The orc is almost dead.
The orc is knocked back by the mystic blast.
The mystic blast hits the orc priest.
The orc priest is moderately wounded.
The orc priest is knocked back by the mystic blast.
The orc priest collides with the orc wizard!
The orc wizard is lightly wounded.
The orc priest is heavily wounded.
You are no longer locked in place.
The orc priest invokes the aid of Beogh against you.
Beogh smites you!
You die...

##...#...###
#....##....## ###
##..##......###.###
#.#..##.....##....#
..##.†.......#...## ##
.......##........## ..#
#...#..###...<....#...#
....##..###...........#
##..###.......##@##.###
##..#...####.....)...#
.#.....### #....o...##
.....#...# ##o..oo.#..
...#.#...# #.......#
..#
.........##......... .#
..#......#........... .
#.#.#.....)........###
###.#........


You could see 2 orc priests, an orc wizard and an orc.

Vanquished Creatures
  A hound (D:4)
  Robin (D:2)
  4 gnolls (D:2)
  3 adders
  A shadow imp (D:4)
  3 dart slugs
  An orc (D:4)
  9 endoplasms
  A giant cockroach (D:3)
  14 goblins
  8 hobgoblins
  7 jackals
  3 kobolds
  7 quokkas
  6 ball pythons
  3 bats
  A frilled lizard (D:2)
  4 rats
77 creatures vanquished.

Notes
Turn   | Place    | Note
-------+----------+-------------------------------------------
     0 | D:1      | raistware the Octopode Conjurer began the quest for the
                  | Orb.
     0 | D:1      | Reached XP level 1. HP: 11/11 MP: 3/3
   232 | D:1      | Reached XP level 2. HP: 10/17 MP: 1/5
   952 | D:1      | Reached XP level 3. HP: 21/21 MP: 5/7
  1171 | D:2      | Noticed Robin
  1565 | D:2      | Found a runed translucent door.
  1566 | D:2      | Noticed Crazy Yiuf
  1596 | D:2      | Reached XP level 4. HP: 27/27 MP: 3/9
  1672 | D:2      | Learned a level 4 spell: Iskenderun's Mystic Blast
  1688 | D:2      | Killed Robin
  1723 | D:2      | Reached skill level 1 in Translocations
  2113 | D:2      | Found a faded altar of an unknown god.
  2246 | D:2      | Found Zuerch's Antique Weapon Shoppe.
  2800 | D:3      | Reached XP level 5. HP: 31/31 MP: 9/11
  2850 | D:3      | Found a shimmering blue altar of Sif Muna.
  3156 | D:3      | Found a hazy altar of Hepliaklqana.
  3772 | D:4      | Killed from afar by an orc priest

Illustrated notes

Levels and vault maps discovered:
D:1:      ncdulo_lavacross, layout_loops_cross, minmay_statues_item
D:2:      layout_rooms, hellmonk_ecumenical_altar_crossroads, serial_shops,
          nicolae_diamond_shop, cheibrodos_gnoll_hut, uniq_robin,
          uniq_crazy_yiuf_cottage
D:3:      layout_rooms, mainiacjoe_overflow_concentric_impassable,
          marbit_many_paths, hex_tiny
D:4:      layout_cave_pools, kennysheep_mini_moat,
          gammafunk_ghost_nasty_kobolds, chequers_serial_rivers_small_a

Skill      XL: |  1  2  3  4  5 |
---------------+----------------+-----
Spellcasting   | 3 4 |  4.0
Translocations | 2 3 |  3.7
Dodging        | |  2.0
Stealth        | |  2.6
Conjurations   | |  4.0

Action                   |  1- 3 |  4- 6 || total
-------------------------+-------+-------++-------
Melee: Unarmed           |    15 |       ||    15
       Constrict         |     8 |     5 ||    13
       Tentacles         |     6 |     5 ||    11
       Hand axe          |     6 |    14 ||    20
 Cast: Magic Dart        |    74 |    85 ||   159
       Iskenderun's Myst |       |     1 ||     1
  Use: Potion            |       |     2 ||     2
       Scroll            |       |     1 ||     1
 Stab: Sleeping          |     1 |       ||     1
Armor: Skin              |     2 |     2 ||     4
Dodge: Dodged            |    13 |    21 ||    34
